 Dungeon Crawl Stone Soup version 0.31.0-11-ge490571c62 (webtiles) character file.

Game seed: 9326962861836262532

43 qw the Shooter (level 3, 0/18 HPs)
             Began as a Spriggan Hunter on Feb 4, 2024.
             Slain by a gnoll
             ... wielding a +0 spear
              (9 damage)
             ... on level 2 of the Dungeon.
             The game lasted 00:00:03 (480 turns).

qw the Shooter (Spriggan Hunter)                     Turns: 480, Time: 00:00:03

Health: 0/18       AC:  2    Str:  7    XL:     3   Next: 37%
Magic:  4/4        EV: 19    Int: 10    God:
Gold:   25         SH:  0    Dex: 20    Spells: 2/2 levels left

rFire   . . .        a - +0 shortbow
rCold   . . .        (shield currently unavailable)
rNeg    . . .        c - +0 robe
rPois   .            (helmet restricted)
rElec   .            (no cloak)
rCorr   .            (gloves unavailable)
SInv    +            (boots unavailable)
Will    .....        (no amulet)
Stlth   ++           (no ring)
HPRegen 0.23/turn    (no ring)
MPRegen 0.09/turn

%: no passive effects
@: very quick
A: very small, no large weapons, unfitting armour, see invisible, speed 3
a: no special abilities


You were on level 2 of the Dungeon.
You visited 1 branch of the dungeon, and saw 2 of its levels.

You collected 25 gold pieces.


Innate Abilities, Weirdness & Mutations

You are very small and have problems with some larger weapons.
You are too small for most types of armour.
You have supernaturally acute eyesight. (SInv)
You cover ground extremely quickly. (Speed+++)


   Skills:
 - Level 1.5 Fighting
 + Level 4.7 Ranged Weapons
 - Level 4.0 Dodging
 - Level 1.5 Stealth


You had 2 spell levels left.
You didn't know any spells.
Your spell library was empty.

Inventory:

Hand Weapons
 a - a +0 shortbow (weapon)
Armour
 c - a +0 robe (worn)
Potions
 g - a potion of curing

Dungeon Overview and Level Annotations

Branches:
Dungeon (2/15)

Altars:


Message History

A frilled lizard comes into view.
Found an iridescent dagger.
You shoot an arrow. The arrow hits the frilled lizard.
You kill the frilled lizard!
A gnoll comes into view. It is wielding a +0 spear.
You shoot an arrow. The arrow hits the gnoll.
The gnoll is moderately wounded.
You shoot an arrow. The arrow closely misses the gnoll.
You shoot an arrow. The arrow hits the gnoll.
The gnoll is moderately wounded.
You hear a shout!
The gnoll closely misses you.
A gnoll comes into view. It is wielding a +0 whip.
You hear a shout!
You shoot an arrow. The arrow hits the gnoll.
The gnoll is severely wounded.
The gnoll hits you from afar with a +0 spear.
A gnoll comes into view. It is wielding a +0 club.
Enter note:
Enter note:
475 ||| RETREEEEATING.
You shoot an arrow. The arrow hits the gnoll.
The gnoll is moderately wounded.
The gnoll hits you with a +0 whip.
You shoot an arrow.
The arrow hits the gnoll but does no damage.
The gnoll is moderately wounded.
A ball python comes into view.
The gnoll closely misses you.
You shoot an arrow. The arrow hits the gnoll!
You kill the gnoll!
The gnoll barely misses you.
You shoot an arrow.
The arrow hits the gnoll but does no damage.
The gnoll misses you. x2
You shoot an arrow. The arrow barely misses the gnoll.
The gnoll completely misses you.
The gnoll hits you from afar with a +0 spear!
Ouch! That really hurt!
You die...

#.~~...#
##~~##.#
#~# #.# #~
#.# ####
##.##### ..
#......#
#.##.####.#
#Sgg......#
#..#@####.#
#..#.# g..
#.# .###
..) . #..
###. . .#


You could see 2 gnolls and a ball python.

Vanquished Creatures
  A gnoll (D:2)
  3 dart slugs (D:1)
  2 bats (D:1)
  2 endoplasms (D:1)
  3 hobgoblins (D:1)
  3 jackals (D:2)
  3 quokkas (D:1)
  4 frilled lizards
  A goblin (D:1)
  2 kobolds (D:1)
  3 rats (D:1)
27 creatures vanquished.

Notes
Turn   | Place    | Note
-------+----------+-------------------------------------------
     0 | D:1      | qw the Spriggan Hunter began the quest for the Orb.
     0 | D:1      | Reached XP level 1. HP: 10/10 MP: 2/2
     0 | D:1      | 0 ||| qw: Version: 0.3-a-160-g6735b56
     0 | D:1      | 0 ||| qw: Game counter: 4858
     0 | D:1      | 0 ||| qw: Melee chars always use a shield: true
     0 | D:1      | 0 ||| qw: God list: Okawaru
     0 | D:1      | 0 ||| qw: Allow faded altars: false
     0 | D:1      | 0 ||| qw: Do Orc after clearing Dungeon:15 true
     0 | D:1      | 0 ||| qw: Do second Lair branch before Depths: true
     0 | D:1      | 0 ||| qw: Lair rune preference: random
     0 | D:1      | 0 ||| qw: Goals: Normal
     0 | D:1      | 0 ||| PLANNING D:1-11
    28 | D:1      | Reached skill level 3 in Dodging
    79 | D:1      | 79 ||| RETREEEEATING.
    80 | D:1      | 80 ||| RETREEEEATING.
    82 | D:1      | 82 ||| RETREEEEATING.
    88 | D:1      | Reached XP level 2. HP: 14/14 MP: 3/3
   116 | D:1      | Found a faded altar of an unknown god.
   349 | D:1      | 349 ||| DROPPING amulet of magic regeneration.
   350 | D:1      | 350 ||| READING 2 scrolls labelled HOBRAC GUCO.
   350 | D:1      | 350 ||| IDENTIFYING metallic emerald potion
   351 | D:1      | 351 ||| READING scroll of identify.
   351 | D:1      | 351 ||| IDENTIFYING white potion
   352 | D:1      | 352 ||| READING scroll labelled PUDWENANUO.
   353 | D:1      | 353 ||| READING scroll labelled PUSECWI CEPI.
   354 | D:1      | 354 ||| DROPPING scroll of butterflies.
   355 | D:1      | 355 ||| DROPPING potion of degeneration.
   381 | D:2      | 381 ||| STAIRDANCE
   393 | D:2      | Reached XP level 3. HP: 13/18 MP: 4/4
   475 | D:2      | 475 ||| RETREEEEATING.
   480 | D:2      | Slain by a gnoll

Levels and vault maps discovered:
D:1:      wander_arrival_fairy_ring, layout_rooms,
          ebering_ecumenical_altar_sacrificial
D:2:      layout_loops_corners, serial_rivers, chequers_serial_rivers_micro_e,
          chequers_serial_rivers_small_b, chequers_serial_rivers_micro_e,
          chequers_serial_rivers_small_3, chequers_serial_rivers_small_a,
          basic_altar, chequers_serial_rivers_micro_e, minivault_19

Skill      XL: |  1  2 |
---------------+-------+-----
Dodging        | 3 4 |  4.0
Fighting       | |  1.5
Ranged Weapons | |  4.7
Stealth        | |  1.5

Action                     || total
---------------------------++-------
   Fire: Shortbow          ||    78
    Use: Scroll            ||     4
 Armour: Robe              ||    21
  Dodge: Dodged            ||    74

Table legend:
 A = Non-vault XP
 B = Vault XP
 C = Vault XP percentage of total XP
 D = Non-vault monster count
 E = Vault monster count
 F = Vault count percentage of total count
                 A         B        C        D         E       F
            +---------+---------+-------+---------+---------+-------
      Total |      62 |       0 |   0.0 |      27 |       0 |   0.0
            +---------+---------+-------+---------+---------+-------
        D:1 |      40 |       0 |   0.0 |      21 |       0 |   0.0
        D:2 |      22 |       0 |   0.0 |       6 |       0 |   0.0
            +---------+---------+-------+---------+---------+-------
